 Dungeon Crawl Stone Soup version 0.26-a0-631-ged93497179 (webtiles) character file.

Game seed: 8426906437230708102

1544 Murumi the Fighter (level 8, 0/92 HPs)
             Began as an Ogre Conjurer on Sept 12, 2020.
             Was a Follower of Okawaru.
             Slain by an orc warrior
             ... wielding a +0 glaive
              (24 damage)
             ... on level 7 of the Dungeon.
             The game lasted 00:28:17 (9831 turns).

Murumi the Fighter (Ogre Conjurer)                  Turns: 9831, Time: 00:28:18

Health: 0/92       AC:  8    Str: 14    XL:     8   Next: 87%
Magic:  5/12       EV: 12    Int: 25    God:    Okawaru [*.....]
Gold:   318        SH:  0    Dex:  7    Spells: 10/13 levels left

rFire    . . .     SeeInvis .   n - +3 flail (protect)
rCold    . . .     Faith    .   (no shield)
rNeg     . . .     Spirit   .   j - +1 animal skin
rPois    .         Reflect  .   (helmet restricted)
rElec    .         Harm     .   (no cloak)
rCorr    .         Rampage  .   (gloves unavailable)
MR       .....                  (boots unavailable)
Stlth    +++.......             (no amulet)
HPRegen  0.25/turn              o - +4 ring of protection (curse)
MPRegen  0.13/turn              v - +6 ring of intelligence

@: heroism
A: large, unfitting armour, tough skin 1
a: Heroism, Renounce Religion


You were on level 7 of the Dungeon.
You worshipped Okawaru.
Okawaru was aware of your devotion.
You visited 2 branches of the dungeon, and saw 8 of its levels.

You collected 318 gold pieces.

Inventory:

Hand Weapons
 g - a +0 whip
 n - a +3 flail of protection (weapon)
 t - a +0 giant spiked club
Missiles
 i - 13 poisoned darts (quivered)
 m - a throwing net
Armour
 j - a +1 animal skin (worn)
Jewellery
 o - a cursed +4 ring of protection (left hand)
 v - a +6 ring of intelligence (right hand)
Wands
 l - a wand of paralysis (14)
 q - a wand of acid (7)
 r - a wand of random effects (9)
Scrolls
 a - 2 scrolls of blinking
 e - 2 scrolls of remove curse
 p - a scroll of amnesia
 u - a scroll of fear
Potions
 b - a potion of cancellation
 c - a potion of heal wounds
 d - a potion of brilliance
 f - 2 potions of curing
 h - 3 potions of lignification
 k - 2 potions of stabbing
 s - a potion of mutation
 w - a potion of haste {unknown}


   Skills:
 - Level 9.0(14.0) Fighting
 + Level 4.5(9.5) Maces & Flails
 - Level 4.0(9.0) Dodging
 - Level 2.0(7.0) Stealth
 - Level 3.0 Spellcasting
 - Level 4.0 Conjurations
 - Level 3.0 Invocations
 - Level 2.0 Evocations


You had 10 spell levels left.
You knew the following spells:

 Your Spells              Type           Power        Failure   Level
a - Magic Dart            Conj           ###.         1%          1
b - Searing Ray           Conj           ###...       3%          2

Your spell library contained the following spells:

 Spells                   Type           Power        Failure   Level
 Corona                   Hex            #......      10%         1
 Dazzling Flash           Conj/Hex       ##....       13%         3
 Ensorcelled Hibernation  Hex/Ice        #.....       16%         2
 Confusing Touch          Hex            #.......     30%         3
 Tukima's Dance           Hex            #.......     30%         3
 Fulminant Prism          Conj/Hex       ##........   41%         4
 Iskenderun's Mystic Bla  Conj/Tloc      ##......     41%         4


Dungeon Overview and Level Annotations

Branches:
Dungeon (7/15)             Temple (1/1) D:5

Altars:
Cheibriados
Dithmenos
Elyvilon
Fedhas
Gozag
Hepliaklqana
Kikubaaqudgha
Makhleb
Nemelex Xobeh
Okawaru
Qazlal
Uskayaw
Vehumet
Wu Jian
Xom
Yredelemnul
Zin
The Shining One


Innate Abilities, Weirdness & Mutations

You are too large for most types of armour.
You have tough skin. (AC +1)


Message History

Casting: Searing Ray (safe; 3% risk of failure)
Confirm with . or Enter, or press ? or * to list all spells.
Press: ? - help, Shift-Dir - straight line, f - orc warrior
Aim: an orc warrior, wielding a +0 glaive and wearing a +0 chain mail (moderately wounded)
The searing ray hits the orc warrior.
The orc warrior is heavily wounded. (Press . to maintain the ray.)
The iguana bites you.
The orc warrior hits you but does no damage.
The searing ray misses the orc warrior.
The iguana barely misses you. The orc warrior misses you.
The searing ray hits the orc warrior.
The orc warrior is severely wounded.
The iguana bites you.
The searing ray hits the orc warrior.
The orc warrior is severely wounded.
You finish channeling your searing ray.
The iguana bites you!
* * * LOW HITPOINT WARNING * * *
The orc warrior hits you with a +0 glaive!!
You die...

.....##...#####.##..###....##
.# ....o.o....####.##..#
.....# ..
...##...#.o..#..o...##.....#.
.# #....###...##.......#.....
#....# #..####........#...
#.....###.## ##......###..#
....###....# #)......# #..
.###. #...)#####)..###.. #..#
#. ##...l@#.).### #..##..
#...)..o.#..# ##.....
.....)∩)..###..# .......
..##..)....# .... ....### .
#.......# ........####
#....#..# #.###.......
#..#.##.. .. ...#.. ...##..
#.. ## . #.. ..# ## ..# #.
#..


You could see an orc warrior and an iguana.

Vanquished Creatures
  Sigmund (D:7)
  An ice beast (D:6)
  An orc warrior (D:6)
  An ogre (D:7)
  A phantom (D:5)
  A centaur (D:6)
  A big kobold (D:6)
  2 hounds
  3 orc priests
  A jelly (D:6)
  A centaur skeleton (D:6)
  4 iguanas
  5 worker ants
  An orc wizard (D:3)
  Robin (D:3)
  A hound skeleton (D:4)
  2 howler monkey skeletons
  10 gnolls
  7 adders
  A shadow imp (D:6)
  2 ufetubi (D:5)
  2 oozes
  An adder zombie (D:5)
  An adder skeleton (D:6)
  4 worms
  A dart slug (D:3)
  6 leopard geckos
  27 orcs
  A ball python (D:4)
  6 giant cockroaches
  21 goblins
  7 hobgoblins
  17 jackals
  10 kobolds
  3 quokkas
  3 bats
  4 frilled lizards
  A leopard gecko skeleton (D:4)
  7 rats
170 creatures vanquished.

Vanquished Creatures (collateral kills)
  An adder (D:5)
1 creature vanquished.

Vanquished Creatures (others)
  A hobgoblin (D:1)
1 creature vanquished.

Grand Total: 172 creatures vanquished

Notes
Turn   | Place    | Note
-------+----------+-------------------------------------------
     0 | D:1      | Murumi the Ogre Conjurer began the quest for the Orb.
     0 | D:1      | Reached XP level 1. HP: 16/16 MP: 3/3
   369 | D:1      | Reached XP level 2. HP: 24/24 MP: 2/5
   535 | D:1      | Learned a level 2 spell: Searing Ray
  1142 | D:1      | Reached XP level 3. HP: 31/31 MP: 5/7
  2239 | D:2      | Reached skill level 1 in Fighting
  2637 | D:2      | Reached skill level 2 in Fighting
  2637 | D:2      | Reached XP level 4. HP: 35/42 MP: 0/8
  2836 | D:3      | Noticed Robin
  2933 | D:3      | Reached skill level 1 in Maces & Flails
  3182 | D:3      | Reached skill level 3 in Fighting
  3276 | D:3      | Killed Robin
  3279 | D:3      | Reached XP level 5. HP: 28/54 MP: 0/9
  3445 | D:3      | Reached skill level 4 in Fighting
  4467 | D:3      | Reached skill level 5 in Fighting
  4664 | D:3      | Reached XP level 6. HP: 66/66 MP: 1/10
  5219 | D:4      | Reached skill level 6 in Fighting
  5574 | D:4      | Found a burning altar of Makhleb.
  6199 | D:4      | Found a hide-covered altar of Uskayaw.
  6333 | D:5      | Entered Level 5 of the Dungeon
  6386 | D:5      | Reached XP level 7. HP: 71/75 MP: 5/11
  6761 | D:5      | Reached skill level 1 in Evocations
  6863 | D:5      | Found a staircase to the Ecumenical Temple.
  6870 | Temple   | Entered the Ecumenical Temple
  7055 | Temple   | Became a worshipper of Warmaster Okawaru
  7106 | D:5      | Reached skill level 7 in Fighting
  7244 | D:5      | Reached skill level 1 in Invocations
  8271 | D:6      | Reached skill level 8 in Fighting
  8271 | D:6      | Reached XP level 8. HP: 88/88 MP: 1/12
  8587 | D:6      | Reached * piety under Okawaru
  8618 | D:6      | Found a shadowy altar of Dithmenos.
  8618 | D:6      | Found a glowing golden altar of the Shining One.
  8618 | D:6      | Found an opulent altar of Gozag.
  8670 | D:6      | Found a stormy altar of Qazlal.
  8752 | D:6      | Found a basalt altar of Yredelemnul.
  9344 | D:7      | Noticed Sigmund
  9368 | D:7      | Killed Sigmund
  9368 | D:7      | Reached skill level 9 in Fighting
  9831 | D:7      | Slain by an orc warrior

Illustrated notes

Levels and vault maps discovered:
D:1:      lemuel_arrival_muddy, layout_basic, lemuel_flame_loot_1
D:2:      layout_rooms, minmay_misc_feat_chi, minivault_4
D:3:      layout_basic, serial_rivers, chequers_serial_rivers_micro_e,
          chequers_serial_rivers_room_a, chequers_serial_rivers_micro_a,
          chequers_serial_rivers_micro_d, chequers_serial_rivers_micro_d,
          chequers_serial_rivers_micro_b, uniq_robin
D:4:      layout_cave_pools, lemuel_coloured_pillars_altar,
          makhleb_blood_cavern_becter, serial_bayou_lake_a
D:5:      layout_cave_pods, minmay_temple_entry_overgrown,
          minmay_tree_intersection
D:6:      layout_loops_cross, old_standard_altar, old_standard_altar,
          gammafunk_temple_overflow_claw, kennysheep_path_1
D:7:      layout_layer_cave, nicolae_ru_path_of_blood, enter_bailey_2,
          sigmund_army, uniq_menkaure
Temple:   minmay_temple_curvy_loop

Skill      XL: |  1  2  3  4  5  6  7  8 |
---------------+-------------------------+-----
Dodging        | 2 3 4 |  4.0
Conjurations   | 4 |  4.0
Spellcasting   | 3 |  3.0
Stealth        | 2 |  2.0
Fighting       | 2 3 5 6 8 9 |  9.0
Maces & Flails | 1 2 3 4 |  4.5
Evocations     | 1 2 |  2.0
Invocations    | 2 3 |  3.0

Action                   |  1- 3 |  4- 6 |  7- 9 || total
-------------------------+-------+-------+-------++-------
Melee: Unarmed           |     4 |       |       ||     4
       Club              |    19 |       |       ||    19
       Whip              |     2 |    45 |       ||    47
       Flail             |       |    11 |    77 ||    88
 Cast: Magic Dart        |    79 |   141 |    71 ||   291
       Searing Ray       |       |    21 |    17 ||    38
Invok: Heroism           |       |       |     3 ||     3
  Use: Scroll            |     3 |     7 |     9 ||    19
 Stab: Sleeping          |       |       |     1 ||     1
Armor: Robe              |    15 |    13 |       ||    28
       Animal skin       |       |    13 |    45 ||    58
Dodge: Dodged            |    29 |    41 |    48 ||   118

Table legend: (Time is in decaauts)
 A = Elapsed time spent in this place.
 B = Non-inter-level travel time spent in this place.
 C = Inter-level travel time spent in this place.
 D = Time resting spent in this place.
 E = Time spent auto-exploring this place.
 F = Levels seen in this place.
 G = Mean time per level.
                   A        B        C        D        E       F      G
               +--------+--------+--------+--------+--------+-----+--------+
         Total |   9922 |   9305 |    617 |    621 |   7400 |   8 | 1240.2 |
       Dungeon |   9707 |   9124 |    583 |    621 |   7221 |   7 | 1386.7 |
        Temple |    214 |    180 |     34 |      0 |    179 |   1 |  214.0 |
               +--------+--------+--------+--------+--------+-----+--------+

Top non-repeatable levels by time:
     D:3: 2261 daAuts
     D:1: 2077 daAuts
     D:5: 1435 daAuts
     D:6: 1286 daAuts
     D:4: 1282 daAuts
     D:2: 827 daAuts
     D:7: 537 daAuts
  Temple: 214 daAuts
